 Dungeon Crawl Stone Soup version 0.29-a0-207-gf982a884d8 (webtiles) character file.

Game seed: 6757215966518489984

458 spaghetti the Cudgeller (level 7, -2/51 (70) HPs)
             Began as an Ogre Berserker on Feb 23, 2022.
             Was a Believer of Trog.
             Slain by Edmund
             ... wielding a +2 flail of draining
              (3 damage)
             ... on level 4 of the Dungeon.
             The game lasted 00:07:56 (5384 turns).

spaghetti the Cudgeller (Ogre Berserker)            Turns: 5384, Time: 00:07:57

HP:   -2/51 (70)    AC:  3    Str: 24    XL:     7   Next: 6%
MP:   7/7           EV:  5    Int:  8    God:    Trog [**....]
Gold: 140           SH:  0    Dex:  8    Spells: 6/6 levels left

rFire   . . .      SeeInvis .   w - +0 morningstar {mace}
rCold   . . .      Faith    .   (no shield)
rNeg    . . .      Spirit   .   b - +0 animal skin
rPois   .          Reflect  .   (helmet restricted)
rElec   +          Harm     .   (no cloak)
rCorr   .          Rampage  .   (gloves unavailable)
Will    ++...      Rage     1%  (boots unavailable)
Stlth   +.........              (no amulet)
HPRegen 1.17/turn               (no ring)
MPRegen 0.10/turn               (no ring)

@: strong-willed, on berserk cooldown, held, regenerating, very heavily drained
A: large, unfitting armour, tough skin 1, berserk 1, electricity resistance
a: Renounce Religion, Berserk, Trog's Hand


You were on level 4 of the Dungeon.
You worshipped Trog.
Trog was pleased with you.
You visited 1 branch of the dungeon, and saw 4 of its levels.

You collected 140 gold pieces.


Innate Abilities, Weirdness & Mutations

You are too large for most types of armour.
You have tough skin. (AC +1)
You tend to lose your temper in combat.
You are resistant to electric shocks. (rElec)


   Skills:
 - Level 4.0 Fighting
 + Level 5.5 Maces & Flails
 * Level 4.5 Throwing
 - Level 2.6 Dodging


You had 6 spell levels left.
You didn't know any spells.
Your spell library was empty.

Inventory:

Hand Weapons
 a - a +0 mace {mace}
 k - a +0 hand axe of pain {forbiddenaxe}
   (You found it on level 2 of the Dungeon)
 p - a +0 dagger of draining {short}
   (You took it off a kobold on level 2 of the Dungeon)
 w - a +0 morningstar (weapon) {mace}
   (You took it off an orc on level 4 of the Dungeon)
Missiles
 i - 23 stones (quivered) {throwing}
 o - 2 boomerangs {throwing}
 u - 5 poisoned darts {throwing}
Armour
 b - a +0 animal skin (worn)
 f - a +0 robe
   (You took it off a gnoll shaman on level 4 of the Dungeon)
Magical Staves
 m - a staff of earth {forbidden!astaff}
   (You found it on level 2 of the Dungeon)
 n - a staff of air {forbidden!astaff}
   (You found it on level 2 of the Dungeon)
Scrolls
 g - a scroll of immolation {!r!r}
 s - 2 scrolls of enchant armour
 t - a scroll of fog
 v - a scroll of torment {!r}
Potions
 l - 3 potions of curing {@q1}
 r - a potion of lignification {unknown}

Dungeon Overview and Level Annotations

Branches:
Dungeon (4/15)
 Temple: D:4-7

Altars:
Yredelemnul
Zin

Annotations:
D:4 Edmund

#...... #.....#...##.....
#.....# #.....#...###.#..
#.....# #.....#...###.#..
#.....# #.....'.......#.#
#.....# #####.#...####...
#.....# ###...####..)....
#.....# #......# #.###...
###..((.#####......# #.#
###.
...(.....ggJ@@....#########
##
...........gg.....#.......#
#
....(####.........#.8.8.8.#
# .$...
########.##..†....#### ..(.
####<.......... ...
#.......#..# (..
#.8.8.8.##.# #.......##)#
##########)#


You could see Edmund, 4 gnolls and an endoplasm.


Message History

You feel drained. 😮 HP[-11]
You now have 82 max hp (-3).
You take 11 damage, and now have 60/82 hp.
You puncture the scorpion!
You feel the power of Trog in you as your rage grows.
You kill the scorpion!
Trog accepts your kill.
Edmund hits you with a +2 flail of draining!
You feel drained.
You have reached level 7! 😮 HP[+1] MP[+1]
You now have 97 max hp (+15).
Your mp is fully restored (7).
You sock Edmund!
A gnoll comes into view. It is wielding a +0 whip.
The gnoll hits you with a +0 whip. Edmund barely misses you. 😮 HP[-5]
You take 5 damage, and now have 56/97 hp.
The gnoll shouts!
You puncture Edmund!
The gnoll hits you with a +0 whip. 😮 HP[-6]
You take 6 damage, and now have 50/97 hp.
You closely miss Edmund.
Edmund hits you with a +2 flail of draining!
* * * LOW HITPOINT WARNING * * *
You feel drained.
* * * LOW HITPOINT WARNING * * *
A gnoll comes into view. It is wielding a +0 spear. 😨 HP[-13]
You now have 94 max hp (-3).
You take 13 damage, and now have 37/94 hp.
Unknown command.
You hit Edmund.
Edmund hits you with a +2 flail of draining!
* * * LOW HITPOINT WARNING * * *
You feel drained.
* * * LOW HITPOINT WARNING * * *
😨 HP[-14]
You now have 91 max hp (-3).
You take 14 damage, and now have 23/91 hp.
You are too berserk!
You are too berserk!
The gnoll hits you but does no damage. 😨 HP[+1]
You feel a strong urge to attack something.
You feel your anger nearly subside.
You are no longer berserk.
You are exhausted.
You feel yourself slow down. 😨 HP[-8]
You now have 61 max hp (-30).
Okay, then.
You feel much better. 😮 HP[+16]
You regained 16 hp, and now have 32/61 hp.
Your skin crawls.
You feel strong-willed.
Edmund hits you with a +2 flail of draining.
* * * LOW HITPOINT WARNING * * *
You feel drained.
* * * LOW HITPOINT WARNING * * *
Edmund hits you with a +2 flail of draining!
* * * LOW HITPOINT WARNING * * *
You feel drained.
* * * LOW HITPOINT WARNING * * *
The gnoll hits you with a +0 club.
* * * LOW HITPOINT WARNING * * *
😱 HP[-24]
You now have 56 max hp (-5).
You take 24 damage, and now have 8/56 hp.
MASSIVE DAMAGE!! (PAUSE) Unknown command.
Unknown command.
Unknown command.
Unknown command.
Unknown command.
Okay, then.
You aren't carrying any items that you can evoke.
It was a potion of cancellation.
Your magical effects are unravelling.
You feel magically purged.
You feel yourself speed up. Edmund hits you but does no damage.
You feel drained. 😱 HP[+2]
You now have 54 max hp (-2).
You regained 2 hp, and now have 10/54 hp.
Unknown command.
Unknown command.
The gnoll barely misses you.
Edmund says, "People think my brother is the best.
I think he's crazy." 😱 HP[+1]
The gnoll throws a throwing net.
The throwing net hits you.
You become entangled in the net!
You see here a throwing net {=f!fthrowing}. 😱 HP[+1]
You struggle against the net.
Edmund hits you with a +2 flail of draining!
* * * LOW HITPOINT WARNING * * *
You feel drained.
You die...

Skill      XL: |  1  2  3  4  5  6 |
---------------+-------------------+-----
Maces & Flails | 3 4 5 |  5.5
Throwing       | 1 3 4 |  4.5
Fighting       | |  4.0
Dodging        | |  2.6

Action                   |  1- 3 |  4- 6 |  7- 9 || total
-------------------------+-------+-------+-------++-------
Melee: Mace              |   105 |   126 |       ||   231
       Punch             |     1 |     3 |       ||     4
       Morningstar       |       |    42 |     4 ||    46
Throw: Stone             |       |    12 |       ||    12
Invok: Berserk           |     3 |     6 |       ||     9
       Trog's Hand       |       |     2 |     1 ||     3
  Use: Scroll            |       |     7 |       ||     7
       Potion            |       |     6 |     2 ||     8
Armor: Animal skin       |    58 |    42 |     2 ||   102
Dodge: Dodged            |    87 |    93 |     2 ||   182

Levels and vault maps discovered:
D:1:      amcnicky_arrival_abandoned_market, layout_basic
D:2:      layout_basic, basic_altar, dreamdust_ecumenical_altar_drowned_temple,
          amcnicky_mini_pool_small
D:3:      layout_loops_corners, nicolae_yredelemnul_corpse_copse,
          ebering_ghost_disaster_area, minmay_misc_feat_x, patterned_corridor
D:4:      layout_basic, mainiacjoe_overflow_large_starburst, grunt_ministairs_3,
          nicolae_stop_n_shop_2, uniq_edmund

Notes
Turn   | Place    | Note
-------+----------+-------------------------------------------
     0 | D:1      | spaghetti the Ogre Berserker began the quest for the Orb.
     0 | D:1      | Reached XP level 1. HP: 24/24 MP: 1/1
     0 | D:1      | magus.rc [v1.9.6]
   371 | D:1      | Reached skill level 3 in Maces & Flails
   440 | D:1      | Reached XP level 2. HP: 23/32 MP: 2/2
   979 | D:1      | Reached XP level 3. HP: 34/39 MP: 3/3
  1201 | D:1      | Reached skill level 4 in Maces & Flails
  1920 | D:2      | Reached ** piety under Trog
  1940 | D:2      | Reached XP level 4. HP: 48/48 MP: 4/4
  2204 | D:2      | Found a faded altar of an unknown god.
  2297 | D:2      | Found a glowing silver altar of Zin.
  3195 | D:3      | Reached skill level 1 in Throwing
  3932 | D:3      | Found a large runed translucent door.
  3932 | D:3      | Found a large runed translucent door.
  3936 | D:3      | Noticed cyrus's ghost (amateur FoFi)
  3991 | D:3      | Reached XP level 5. HP: 34/51 MP: 5/5
  4088 | D:3      | Found a basalt altar of Yredelemnul.
  4418 | D:3      | Killed cyrus's ghost
  4419 | D:3      | Reached skill level 5 in Maces & Flails
  4419 | D:3      | Reached skill level 2 in Throwing
  4561 | D:4      | Reached skill level 3 in Throwing
  4603 | D:4      | Reached XP level 6. HP: 55/62 MP: 6/6
  4897 | D:4      | HP: 15/62 [adder (2)]
  4900 | D:4      | Gained mutation: You tend to lose your temper in combat.
                  | [potion of mutation]
  4900 | D:4      | Gained mutation: You are resistant to electric shocks.
                  | (rElec) [potion of mutation]
  4911 | D:4      | HP: 15/62 [adder (3)]
  4916 | D:4      | HP: 12/62 [adder (2)]
  5315 | D:4      | Reached skill level 4 in Throwing
  5358 | D:4      | Noticed Edmund
  5371 | D:4      | Reached XP level 7. HP: 61/65 MP: 7/7
  5380 | D:4      | HP: 12/56 [Edmund/+2 flail of draining (5)]
  5384 | D:4      | HP: 1/54 [Edmund/+2 flail of draining (12)]
  5384 | D:4      | Slain by Edmund

Vanquished Creatures
  The ghost of cyrus the Covered, an amateur FoFi (D:3)
  An ogre (D:4)
  A scorpion (D:4)
  A gnoll shaman (D:4)
  A scorpion zombie (D:3)
  A hound skeleton (D:4)
  3 gnolls (D:4)
  4 adders
  An adder zombie (D:3)
  An adder skeleton (D:4)
  3 worms
  2 dart slugs
  5 orcs (D:4)
  5 bats (D:1)
  7 endoplasms
  3 giant cockroaches
  4 goblins
  6 hobgoblins
  6 jackals
  2 quokkas (D:1)
  9 ball pythons
  4 frilled lizards
  A jackal zombie (D:3)
  5 kobolds
  9 rats
  A spectral kobold (D:2)
87 creatures vanquished.

Table legend:
 A = Non-vault XP
 B = Vault XP
 C = Vault XP percentage of total XP
 D = Non-vault monster count
 E = Vault monster count
 F = Vault count percentage of total count
                 A         B        C        D         E       F
            +---------+---------+-------+---------+---------+-------
      Total |     489 |     166 |  25.3 |      80 |       7 |   8.0
            +---------+---------+-------+---------+---------+-------
        D:1 |      58 |       0 |   0.0 |      33 |       0 |   0.0
        D:2 |      63 |       1 |   1.6 |      21 |       1 |   4.5
        D:3 |      28 |     162 |  85.3 |       9 |       4 |  30.8
        D:4 |     340 |       3 |   0.9 |      17 |       2 |  10.5
            +---------+---------+-------+---------+---------+-------

Illustrated notes

Table legend:
 A = Kills in this place as a percentage of kills in entire the game.
 B = Kills by you in this place as a percentage of kills by you in the entire game.
 C = Kills by friends in this place as a percentage of kills by friends in the entire game.
 D = Other kills in this place as a percentage of other kills in the entire game.
 E = Experience gained in this place as a percentage of experience gained in the entire game.
 F = Experience gained in this place divided by the number of levels of this place that you have seen.
                   A       B       C       D       E      F
               +-------+-------+-------+-------+-------+----------------------
         Total | 100.0 | 100.0 |   N/A |   N/A | 100.0 | 163.8
       Dungeon | 100.0 | 100.0 |   N/A |   N/A | 100.0 | 163.8
               +-------+-------+-------+-------+-------+----------------------

Table legend: (Time is in decaauts)
 A = Elapsed time spent in this place.
 B = Non-inter-level travel time spent in this place.
 C = Inter-level travel time spent in this place.
 D = Time resting spent in this place.
 E = Time spent auto-exploring this place.
 F = Levels seen in this place.
 G = Mean time per level.
                   A        B        C        D        E       F      G
               +--------+--------+--------+--------+--------+-----+--------+
         Total |   5513 |   5400 |    113 |   1534 |   3219 |   4 | 1378.2 |
       Dungeon |   5513 |   5400 |    113 |   1534 |   3219 |   4 | 1378.2 |
               +--------+--------+--------+--------+--------+-----+--------+

Top non-repeatable levels by time:
     D:1: 1931 daAuts
     D:3: 1578 daAuts
     D:2: 1131 daAuts
     D:4: 872 daAuts
